 Dungeon Crawl Stone Soup version 0.29-a0-512-gf59ac788ac (webtiles) character file.

Game seed: 2164040217176696966

221 dabmancer the Magician (level 5, -7/31 HPs)
             Began as an Octopode Hedge Wizard on May 30, 2022.
             Mangled by an orc
             ... wielding a +0 war axe
              (10 damage)
             ... on level 4 of the Dungeon.
             The game lasted 00:07:57 (4619 turns).

dabmancer the Magician (Octopode Hedge Wizard)      Turns: 4619, Time: 00:07:58

Health: -7/31      AC:  1    Str:  9    XL:     5   Next: 98%
Magic:  9/12       EV: 11    Int: 19    God:
Gold:   115        SH:  6    Dex: 11    Spells: 7/13 levels left

rFire   . . .      SeeInvis .   e - +2 whip (venom)
rCold   . . .      Faith    .   i - +0 kite shield
rNeg    . . .      Spirit   .   b - +0 hat
rPois   .          Reflect  .   (no amulet)
rElec   .          Harm     .   (no ring)
rCorr   .          Rampage  .   (no ring)
Will    .....                   (no ring)
Stlth   +++.......              (no ring)
HPRegen 0.10/turn               (no ring)
MPRegen 0.13/turn               (no ring)
                                (no ring)
                                (no ring)

@: no status effects
A: almost no armour, amphibious, 8 rings, camouflage 1, gelatinous body 1,
(nimble swimmer 1), tentacles
a: no special abilities


You were on level 4 of the Dungeon.
You visited 1 branch of the dungeon, and saw 4 of its levels.

You collected 115 gold pieces.

Inventory:

Hand Weapons
 a - a +0 dagger
 e - a +2 whip of venom (weapon)
Missiles
 d - 127 stones
 m - 4 poisoned darts
Armour
 b - a +0 hat (worn)
 i - a +0 kite shield (worn)
Jewellery
 q - a +6 ring of dexterity
Scrolls
 g - 4 scrolls of teleportation {unknown}
 h - 2 scrolls of vulnerability {unknown}
 j - 7 scrolls of identify {unknown}
 k - a scroll of poison {unknown}
 n - 2 scrolls of immolation {unknown}
 p - 2 scrolls of magic mapping {unknown}
 s - a scroll of amnesia {unknown}
Potions
 c - a potion of magic
 f - 4 potions of curing
 l - a potion of resistance {unknown}
 o - 3 potions of flight {unknown}
 r - a potion of haste {unknown}
 t - a potion of might {unknown}


   Skills:
 + Level 0.4 Short Blades
 + Level 0.5 Maces & Flails
 + Level 2.4 Dodging
 + Level 3.4 Stealth
 + Level 4.7 Spellcasting
 + Level 2.8 Conjurations
 + Level 1.0 Summonings
 + Level 1.3 Translocations


You had 7 spell levels left.
You knew the following spells:

 Your Spells              Type           Power      Damage    Failure   Level
a - Magic Dart            Conj           60%        1d6       14%         1
b - Blink                 Tloc           18%        N/A       38%         2
c - Call Imp              Summ           8%         N/A       43%         2
m - Summon Small Mammal   Summ           32%        N/A       30%         1

Your spell library contained the following spells:

 Spells                   Type           Power      Damage    Failure   Level
 Freeze                   Ice            16%        1d4       43%         1
 Slow                     Hex            16%        N/A       43%         1
 Ensorcelled Hibernation  Hex/Ice        8%         N/A       56%         2
 Passwall                 Tmut/Erth      3%         N/A       56%         2
 Conjure Flame            Conj/Fire      9%         6-21      61%         3
 Mephitic Cloud           Conj/Pois/Air  8%         N/A       67%         3
 Frozen Ramparts          Ice            8%         1d2       80%         3
 Swiftness                Air            4%         N/A       80%         3
 Hailstorm                Conj/Ice       9%         3d4       95%         4
 Malign Gateway           Summ/Tloc      4%         N/A       100%        7


Dungeon Overview and Level Annotations

Branches:
Dungeon (4/15)
 Temple: D:4-7

Altars:

Annotations:
D:3 3 runed translucent doors, Sobieck's ghost, amateur MfGl


Innate Abilities, Weirdness & Mutations

You cannot wear most types of armour.
You are amphibious.
You can wear up to eight rings at the same time.
Your skin changes colour to match your surroundings (Stealth+).
Your rubbery body absorbs attacks. (AC +1, EV +1)
((You are camouflaged when in or above water. (Stealth+)))
You have tentacles for arms and can constrict up to eight enemies at once.


Message History

The orc wizard shouts!
The goblin shouts!
You hear a shout!
An orc comes into view. It is wielding a +0 war axe.
An orc comes into view. It is wielding a +0 dagger.
The magic dart hits the orc wizard.
The orc wizard is heavily wounded.
The orc shouts!
The magic dart hits the orc wizard.
The orc wizard is severely wounded.
The magic dart hits the orc wizard but does no damage.
The orc wizard is severely wounded.
The orc wizard points at you and mumbles some strange words.
You are confused.
You miss the orc wizard.
The orc wizard is severely wounded.
The orc wizard hits you with a +0 dagger.
You hit the orc wizard but do no damage.
The orc wizard is poisoned.
The orc wizard is severely wounded.
The goblin hits you with a +0 dagger.
You're too confused to cast spells.
You hit the orc.
The orc is poisoned.
You squeeze the orc.
You kill the orc!
The goblin hits you with a +0 dagger.
You hit the orc but do no damage. The goblin hits you with a +0 dagger.
The orc barely misses you. The goblin closely misses you.
The orc hits you with a +0 dagger.
You hit the goblin.
The goblin is poisoned.
Your squeeze misses the goblin.
The goblin is heavily wounded.
The goblin hits you with a +0 dagger. The orc hits you with a +0 dagger.
The orc wizard misses you.
You miss the goblin. Your squeeze misses the goblin.
The goblin is heavily wounded.
You feel less confused. You block the goblin's attack.
The orc hits you with a +0 war axe!
* * * LOW HITPOINT WARNING * * *
The orc hits you with a +0 dagger.
* * * LOW HITPOINT WARNING * * *
The orc wizard barely misses you. You block the orc wizard's attack.
The orc hits you with a +0 war axe!
You die...

## .... .#
..##... .#
....... .## #
....... ..###..
....... .......
....... ......#
......o#o......
#...g@.......
#...o........
#.............
##............
#.............
#.#....#...#..
#..##.###...# .
.. ## ..##


You could see an orc wizard (poisoned), 2 orcs and a goblin (poisoned).

Vanquished Creatures
  A bullfrog (D:3)
  Terence (D:2)
  An iguana (D:2)
  4 adders
  2 worms (D:3)
  2 dart slugs (D:3)
  An orc (D:4)
  8 ball pythons
  5 endoplasms
  4 giant cockroaches
  6 goblins
  4 hobgoblins
  6 jackals
  3 kobolds
  3 quokkas
  8 bats
  2 frilled lizards
  4 rats
65 creatures vanquished.

Notes
Turn   | Place    | Note
-------+----------+-------------------------------------------
     0 | D:1      | dabmancer the Octopode Hedge Wizard began the quest for the
                  | Orb.
     0 | D:1      | Reached XP level 1. HP: 11/11 MP: 4/4
   245 | D:1      | Reached XP level 2. HP: 2/17 MP: 1/6
  1417 | D:1      | Reached XP level 3. HP: 21/21 MP: 0/8
  1522 | D:1      | Got Sif Muna's Guide on Freezing Calling
  1540 | D:1      | Learned a level 2 spell: Blink
  1543 | D:1      | Learned a level 2 spell: Call Imp
  1545 | D:1      | Learned a level 1 spell: Summon Small Mammal
  2021 | D:2      | Found a faded altar of an unknown god.
  2223 | D:2      | Noticed Terence
  2411 | D:2      | Reached skill level 4 in Spellcasting
  2411 | D:2      | Reached XP level 4. HP: 20/27 MP: 8/10
  2435 | D:2      | Killed Terence
  2957 | D:2      | Reached XP level 5. HP: 31/31 MP: 9/11
  3586 | D:3      | Found a runed translucent gate.
  3587 | D:3      | Found a runed translucent gate.
  3589 | D:3      | Found a runed translucent gate.
  3968 | D:3      | Noticed Sobieck's ghost (amateur MfGl)
  4619 | D:4      | Mangled by an orc

Illustrated notes

Levels and vault maps discovered:
D:1:      dpeg_arrival_rhombi, layout_loops_ring
D:2:      layout_basic, dreamdust_ecumenical_altar_statues, uniq_terence
D:3:      layout_loops_corners, gammafunk_ghost_icy
D:4:      cheibrodos_helix_gallery, layout_cave_pools, doesnt_xom_only_xom,
          nicolae_underground_beach, uniq_crazy_yiuf_cottage

Skill      XL: |  1  2  3  4 |
---------------+-------------+-----
Stealth        | 3 |  3.4
Spellcasting   | 4 |  4.7
Conjurations   | 2 |  2.8
Short Blades   | |  0.4
Maces & Flails | |  0.5
Dodging        | |  2.4
Summonings     | |  1.0
Translocations | |  1.3

Action                   |  1- 3 |  4- 6 || total
-------------------------+-------+-------++-------
Melee: Dagger            |    20 |       ||    20
       Constrict         |     8 |     8 ||    16
       Tentacles         |     5 |     3 ||     8
       Whip              |    13 |    23 ||    36
 Cast: Magic Dart        |    70 |    76 ||   146
       Blink             |     1 |       ||     1
  Use: Potion            |     1 |       ||     1
 Stab: Sleeping          |       |     1 ||     1
Armor: Skin              |     3 |     3 ||     6
Dodge: Dodged            |    14 |    15 ||    29
Block: Kite shield       |     4 |     7 ||    11

Table legend: (Time is in decaauts)
 A = Elapsed time spent in this place.
 B = Non-inter-level travel time spent in this place.
 C = Inter-level travel time spent in this place.
 D = Time resting spent in this place.
 E = Time spent auto-exploring this place.
 F = Levels seen in this place.
 G = Mean time per level.
                   A        B        C        D        E       F      G
               +--------+--------+--------+--------+--------+-----+--------+
         Total |   4629 |   4529 |    100 |    861 |   3173 |   4 | 1157.2 |
       Dungeon |   4629 |   4529 |    100 |    861 |   3173 |   4 | 1157.2 |
               +--------+--------+--------+--------+--------+-----+--------+

Top non-repeatable levels by time:
     D:1: 1960 daAuts
     D:3: 1549 daAuts
     D:2: 1107 daAuts
     D:4: 12 daAuts
